 Dungeon Crawl Stone Soup version 0.28.0-45-g0d030f2227 (webtiles) character file.

Game seed: 17440550907468006098

406 Icepheonix32 the Chopper (level 6, -11/72 HPs)
             Began as a Demonspawn Fighter on Apr 11, 2022.
             Killed from afar by Dowan (17 damage)
             ... with a stone arrow
             ... on level 4 of the Dungeon.
             The game lasted 00:03:34 (2733 turns).

Icepheonix32 the Chopper (Demonspawn Fighter)       Turns: 2733, Time: 00:03:34

Health: -11/72     AC: 23    Str: 18    XL:     6   Next: 56%
Magic:  6/6        EV:  2    Int: 10    God:
Gold:   125        SH:  0    Dex: 12    Spells: 5/5 levels left

rFire   + . .      SeeInvis +   a - +0 war axe
rCold   + . .      Faith    .   (no shield)
rNeg    . . .      Spirit   .   (armour currently unavailable)
rPois   +          Reflect  .   (helmet currently unavailable)
rElec   +          Harm     .   (cloak currently unavailable)
rCorr   +          Rampage  .   (gloves currently unavailable)
Will    .....      NoTele   +   (boots currently unavailable)
Stlth   +.........              (no amulet)
HPRegen 0.22/turn               o - ring of see invisible
MPRegen 0.10/turn               r - ring of resist corrosion

@: tree-form, resistant
A: stationary, stasis, torment immunity, boosted hp, powered by pain 1,
(weakness stinger 2), (demonic touch 1)
a: no special abilities


You were on level 4 of the Dungeon.
You were a tree.
You visited 1 branch of the dungeon, and saw 4 of its levels.

You collected 141 gold pieces.
You spent 16 gold pieces at shops.

Inventory:

Hand Weapons
 a - a +0 war axe (weapon)
Armour
 b - a +0 scale mail (melded)
 c - a +0 buckler
 g - a +0 hat (melded)
Jewellery
 j - a +6 ring of intelligence
 o - a ring of see invisible (left branch)
 r - a ring of resist corrosion (right branch)
Scrolls
 e - 3 scrolls of enchant armour {unknown}
 f - a scroll of fog {unknown}
 h - 2 scrolls of teleportation {unknown}
 i - a scroll of amnesia {unknown}
 l - a scroll of immolation {unknown}
 m - a scroll of enchant weapon {unknown}
 n - a scroll of holy word {unknown}
 p - a scroll of identify {unknown}


   Skills:
 + Level 3.9 Fighting
 - Level 4.3 Axes
 + Level 3.8 Armour
 + Level 0.8 Dodging
 + Level 0.4 Stealth
 + Level 3.2 Shields
 * Level 1.9 Unarmed Combat


You had 5 spell levels left.
You didn't know any spells.
Your spell library contained the following spells:

 Spells                   Type           Power      Damage    Failure   Level
 Animate Skeleton         Necr           0%         N/A       36%         1
 Apportation              Tloc           0%         N/A       36%         1
 Summon Small Mammal      Summ           0%         N/A       36%         1


Dungeon Overview and Level Annotations

Branches:
Dungeon (4/15)
 Temple: D:4-7

Altars:
Kikubaaqudgha
Uskayaw

Shops:
D:1 *

Annotations:
D:4 Dowan


Innate Abilities, Weirdness & Mutations

You are a tree.
Your roots penetrate the ground, keeping you stationary.
You cannot be teleported.
You are immune to unholy pain and torment.
Your maximum health is greatly increased.
Your equipment is partially melded.
You sometimes gain a little power by taking damage.
((You have a tail ending in a sharp stinger.))
((Your touch may inflict minor irresistible damage on your foes.))


Message History

You barely miss Duvessa.
Duvessa is severely wounded.
Duvessa hits you but does no damage.
Dowan gestures wildly while chanting.
Dowan blinks!
Duvessa hits you but does no damage.
You closely miss Duvessa.
Duvessa is severely wounded.
Duvessa hits you with a +0 short sword!
* * * LOW HITPOINT WARNING * * *
Duvessa barely misses you.
You barely miss Duvessa.
Duvessa is severely wounded.
Duvessa hits you but does no damage. x2
You barely miss Duvessa.
Duvessa is severely wounded.
Duvessa hits you with a +0 short sword.
* * * LOW HITPOINT WARNING * * *
Duvessa hits you with a +0 short sword.
* * * LOW HITPOINT WARNING * * *
It was a potion of resistance.
You feel protected. Duvessa barely misses you.
Dowan mumbles some strange words.
Dowan blinks!
You slash Duvessa!
Duvessa is almost dead.
Duvessa hits you but does no damage. x2
Dowan's feet meld with the ground, briefly.
You closely miss Duvessa.
Duvessa is almost dead.
Duvessa hits you but does no damage. x2
You hit Duvessa.
You kill Duvessa!
Dowan's eyes darken. "You have made a black mistake."
Dowan seems to find hidden reserves of power!
You slash the giant cockroach!
You kill the giant cockroach!
Dowan casts a spell at you. The stone arrow hits you!
You die...

### #.#####
#....<# #.#####
#.# #.# #.##
#######..#
#e)♣.....#
......†#####..#
.......#((.#.##
.......#...#.#
....[..#####.#
.............#
........._...#
.............#


You could see Dowan (fast) and 2 dancing weapons.

Vanquished Creatures
  Sigmund (D:2)
  Duvessa (D:4)
  A hound (D:4)
  A gnoll (D:1)
  5 adders
  4 dart slugs
  7 bats
  6 endoplasms
  5 giant cockroaches
  4 goblins
  6 jackals
  9 ball pythons
  4 frilled lizards
  4 kobolds
  4 rats
62 creatures vanquished.

Vanquished Creatures (others)
  2 plants (D:2)
2 creatures vanquished.

Grand Total: 64 creatures vanquished

Notes
Turn   | Place    | Note
-------+----------+-------------------------------------------
     0 | D:1      | Icepheonix32 the Demonspawn Fighter began the quest for the
                  | Orb.
     0 | D:1      | Reached XP level 1. HP: 18/18 MP: 1/1
    96 | D:1      | Found a faded altar of an unknown god.
   207 | D:1      | Gained mutation: You sometimes gain a little power by
                  | taking damage. [demonic ancestry]
   207 | D:1      | Reached XP level 2. HP: 24/24 MP: 2/2
   233 | D:1      | Reached skill level 2 in Axes
   510 | D:1      | Discovered your monstrous ancestry.
   510 | D:1      | Gained mutation: You have a small tail. [demonic ancestry]
   510 | D:1      | Reached XP level 3. HP: 28/29 MP: 3/3
   732 | D:1      | Found Uschuixtie's Assorted Antiques.
   741 | D:1      | Bought a scroll labelled ENIL LUZYMMOGY for 16 gold pieces
  1427 | D:2      | Gained mutation: Your touch may inflict minor irresistible
                  | damage on your foes. [demonic ancestry]
  1427 | D:2      | Reached XP level 4. HP: 30/35 MP: 4/4
  1541 | D:2      | Noticed Sigmund
  1550 | D:2      | Killed Sigmund
  1551 | D:2      | Reached skill level 4 in Axes
  1551 | D:2      | Reached skill level 1 in Unarmed Combat
  1551 | D:2      | Reached XP level 5. HP: 37/41 MP: 5/5
  2223 | D:3      | Gained mutation: You have a tail ending in a sharp stinger.
                  | [demonic ancestry]
  2223 | D:3      | Reached XP level 6. HP: 42/47 MP: 6/6
  2325 | D:3      | Found an ancient bone altar of Kikubaaqudgha.
  2701 | D:4      | Noticed a +0 dagger
  2703 | D:4      | Noticed a +0 dagger
  2704 | D:4      | Found a hide-covered altar of Uskayaw.
  2708 | D:4      | Noticed Dowan
  2709 | D:4      | Noticed Duvessa
  2732 | D:4      | Killed Duvessa
  2733 | D:4      | Killed from afar by Dowan

Illustrated notes

Levels and vault maps discovered:
D:1:      minmay_arrival_semitransparent, layout_basic, serial_shops,
          nicolae_shop_crystal, hellmonk_ecumenical_altar_prayer_group
D:2:      layout_loops_corners, serial_glass, glass_columns_c, glass_columns_b,
          glass_columns_c, glass_columns_b, glass_columns_a, glass_columns_b,
          glass_columns_b, glass_columns_a, glass_columns_a, glass_columns_a,
          minmay_shallow_snake_nest, uniq_sigmund
D:3:      layout_rooms, kiku_gazebo_pond_becter, chequers_serial_rivers_marsh,
          kennysheep_nondescript, minmay_statues_item
D:4:      layout_basic, dancing_weapons_uskayaw,
          mainiacjoe_overflow_surrounded_room, minmay_temple_entry_nine_rooms,
          lightli_corner_chamber, uniq_crazy_yiuf_cottage, uniq_duvessa

Skill      XL: |  1  2  3  4 |
---------------+-------------+-----
Axes           | 2 4 |  4.3
Armour         | 3 |  3.8
Shields        | 3 |  3.2
Unarmed Combat | 1 |  1.9
Fighting       | |  3.9
Dodging        | |  0.8
Stealth        | |  0.4

Action                   |  1- 3 |  4- 6 || total
-------------------------+-------+-------++-------
Melee: War axe           |    65 |    77 ||   142
       Tailslap          |     2 |     4 ||     6
       Touch             |       |     5 ||     5
  Use: Potion            |       |     4 ||     4
Armor: Scale mail        |    48 |    33 ||    81
       Skin              |       |    16 ||    16
Dodge: Dodged            |    32 |    45 ||    77
Block: Buckler           |    19 |     7 ||    26
